AoeStats
← DIO

MegaRandom

506544523Analyzed
1v1 RM · 17d ago on Sep 14, 2026· 33m 45s· 2 players
Game mode
Random Map
Map size
Tiny (2 player)
Population
200
Speed
Normal
Resources
Standard
Victory
Conquest
Starting age
Dark Age
Ending age
Imperial Age
RankedLock teamsTeams togetherTeam positionsShared explorationLock speedFull tech treeHidden civsTurbo modeCheats
Victory
Defeat
🇹🇷 Koreans · Türkiye
782
+46
🇺🇸 Berbers · United States
833
-18
sam.salorio
12:04 Feudal Age
11:40 Loom
13:52 Town Watch
16:45 Castle Age
14:39 Horse Collar
14:45 Double-Bit Axe
16:30 Bloodlines
18:47 Heavy Plow
26:19 Town Patrol
27:24 Wheelbarrow
27:29 Bow Saw
30:17 Hand Cart
32:51 Gold Mining
DIO
9:49 Feudal Age
8:48 Loom
14:47 Double-Bit Axe
19:43 Castle Age
17:46 Fletching
21:13 Bodkin Arrow
20:57 Crossbowman
21:54 Gold Mining
22:44 Pikeman
27:52 Thumb Ring
36:54 Imperial Age
Connection lost

Rejoining the realm…

Still unreachable

The connection could not be restored.

Session expired

The server has moved on; the page needs a fresh start.